 Dungeon Crawl Stone Soup version 0.29-a0-284-gf9362112df (webtiles) character file.

Game seed: 10713734462712698803

1162 siradein the Purveyor of Pain (level 8, 0/58 HPs)
             Began as a Vampire Necromancer on Mar 22, 2022.
             Was an Initiate of Kikubaaqudgha.
             Slain by an acid dragon (3 damage)
             ... on level 5 of the Dungeon.
             The game lasted 00:16:37 (4018 turns).

siradein the Purveyor of Pain (Vampire Necromancer) Turns: 4018, Time: 00:16:37

Health: 0/58       AC:  4    Str:  7    XL:     8   Next: 17%
Magic:  14/14      EV:  8    Int: 19    God:    Kikubaaqudgha [......]
Gold:   257        SH:  0    Dex: 15    Spells: 7/15 levels left

rFire   + . .      SeeInvis +   g - +2 dagger (venom)
rCold   . . .      Faith    .   (no shield)
rNeg    . . .      Spirit   .   t - +0 scale mail of the Heron {Rampage +Inv rF+}
rPois   .          Reflect  .   (no helmet)
rElec   .          Harm     .   n - +0 cloak
rCorr   .          Rampage  +   (no gloves)
Will    .....                   m - +0 pair of boots
Stlth   +.........              e - amulet of magic regeneration
HPRegen 0.39/turn               h - ring of wizardry
MPRegen 0.54/turn               (no ring)

@: lethally poisoned (0 -> -2), corroded, very slightly contaminated, healing
quickly
A: alive, fangs 3, see invisible, vampiric 2
a: Exsanguinate, Renounce Religion, Evoke Invisibility


You were on level 5 of the Dungeon.
You worshipped Kikubaaqudgha.
Kikubaaqudgha was noncommittal.
You visited 2 branches of the dungeon, and saw 6 of its levels.

You collected 257 gold pieces.

Inventory:

Hand Weapons
 g - a +2 dagger of venom (weapon)
 k - a +0 short sword of protection
Missiles
 j - 4 curare-tipped darts
Armour
 m - a +0 pair of boots (worn)
 n - a +0 cloak (worn)
 t - the +0 scale mail of the Heron (worn) {Rampage +Inv rF+}
   (You found it on level 4 of the Dungeon)

   rF:        It protects you from fire.
   +Inv:      It lets you turn invisible.
   Rampage:   It bestows one free step when moving towards enemies.
Jewellery
 e - an amulet of magic regeneration (around neck)
 h - a ring of wizardry (left hand)
 o - a ring of fire
Scrolls
 c - 4 scrolls of identify {unknown}
 d - 2 scrolls of fear {unknown}
 i - a scroll of immolation {unknown}
 q - 3 scrolls of teleportation {unknown}
 r - 4 scrolls of vulnerability {unknown}
Potions
 a - 3 potions of invisibility {unknown}
 f - a potion of lignification {unknown}
 l - 2 potions of flight {unknown}
 p - 3 potions of heal wounds {unknown}


   Skills:
 + Level 3.5 Fighting
 + Level 0.9 Armour
 + Level 5.1 Dodging
 - Level 3.0 Stealth
 + Level 4.2 Spellcasting
 * Level 7.9 Necromancy
 + Level 1.0 Evocations


You had 7 spell levels left.
You knew the following spells:

 Your Spells              Type           Power      Damage    Failure   Level
a - Vampiric Draining     Necr           34%        2d8       8%          3
b - Animate Dead          Necr           17%        N/A       26%         4
c - Pain                  Necr           100%       1d9       2%          1

Your spell library contained the following spells:

 Spells                   Type           Power      Damage    Failure   Level
 Animate Skeleton         Necr           68%        N/A       2%          1
 Agony                    Necr           34%        N/A       54%         5
 Call Canine Familiar     Summ           4%         N/A       87%         3
 Portal Projectile        Hex/Tloc       8%         N/A       87%         3
 Leda's Liquefaction      Hex/Erth       2%         N/A       99%         4
 Petrify                  Tmut/Erth      4%         N/A       99%         4
 Metabolic Englaciation   Hex/Ice        2%         N/A       100%        5
 Statue Form              Tmut/Erth      2%         N/A       100%        6


Dungeon Overview and Level Annotations

Branches:
Dungeon (5/15)             Temple (1/1) D:4

Altars:
Ashenzari
Cheibriados
Dithmenos
Elyvilon
Fedhas
Gozag
Hepliaklqana
Kikubaaqudgha
Makhleb
Nemelex Xobeh
Okawaru
Qazlal
Ru
Sif Muna
Trog
Vehumet
Wu Jian
Xom
Yredelemnul
Zin
The Shining One


Innate Abilities, Weirdness & Mutations

Your natural rate of healing is accelerated.
You have razor-sharp teeth.
You have supernaturally acute eyesight. (SInv)
You are afflicted with vampirism and can become a bat while bloodless.


Message History

The adder poisons you!
You miscast Vampiric Draining.
You are very lightly contaminated with residual magic.
Nothing appears to happen.
You feel sick. The adder bites you.
You are too injured to fight recklessly!
Casting: Vampiric Draining (dangerous; 8% risk of failure)
Confirm with . or Enter, or press ? or * to list all spells.
Aiming: Vampiric Draining (dangerous; 8% risk of failure)
Press: ? - help, Shift-Dir - straight line, f/p - adder
Aim: an adder You draw life force from the adder!
You feel life coursing into your body.
You feel sick. The adder bites you.
You are more poisoned.
The adder poisons you!
Casting: Vampiric Draining (dangerous; 8% risk of failure)
Confirm with . or Enter, or press ? or * to list all spells.
Aiming: Vampiric Draining (dangerous; 8% risk of failure)
Press: ? - help, Shift-Dir - straight line, f/p - adder
Aim: an adder (almost dead)
You draw life force from the adder!
You kill the adder!
Kikubaaqudgha accepts your kill.
You feel life coursing into your body.
You feel very sick.
Your Evocations skill increases to level 1!
You closely miss the acid dragon. Your bite misses the acid dragon.
You feel sick. The acid dragon bites you!
* * * LOW HITPOINT WARNING * * *
The acid dragon claws you.
* * * LOW HITPOINT WARNING * * *
You closely miss the acid dragon.
You feel sick. The acid dragon bites you!
* * * LOW HITPOINT WARNING * * *
The acid dragon claws you but does no damage.
Unknown command.
Magic courses through your body.
* * * LOW HITPOINT WARNING * * *
You feel sick. The acid dragon completely misses you.
The acid dragon claws you.
You die...
Kikubaaqudgha rasps: "You have failed me!
Welcome... death!"

#......# #.....# # #<.....#
#.# ### .......# #.# #..
#.#....# #.# #.# #......# #.#
#.# #)##...######.# #.# #.#
........#.# #######.# #.#
.#........######### #........
#.# ..###..)..D@[...(#
#.#...... #.#
..........#######.###.#.###.#
...##.....#.....))))....# #.#
..........#)##.....##.### #.#
.........# #.....##.# #..
..........# #.....##.. ..#
..<.......# ####+###### #.#
..>..)....# .# ..........


You could see an acid dragon.

Vanquished Creatures
  Pikel (D:4)
  Sigmund (D:3)
  A wyvern (D:4)
  A lemure (D:4)
  A hound (D:4)
  An orc priest (D:5)
  3 orc wizards (D:5)
  8 gnolls
  4 adders
  An ufetubus (D:4)
  A worm (D:3)
  A dart slug (D:1)
  5 orcs
  6 ball pythons
  3 endoplasms
  2 giant cockroaches
  8 hobgoblins
  11 kobolds
  2 quokkas (D:1)
  4 bats
  4 frilled lizards
  13 goblins
  9 rats
91 creatures vanquished.

Vanquished Creatures (collateral kills)
  An iguana (D:4)
1 creature vanquished.

Grand Total: 92 creatures vanquished

Notes
Turn   | Place    | Note
-------+----------+-------------------------------------------
     0 | D:1      | siradein the Vampire Necromancer began the quest for the
                  | Orb.
     0 | D:1      | Reached XP level 1. HP: 13/13 MP: 3/3
   305 | D:1      | Reached XP level 2. HP: 20/20 MP: 5/5
   316 | D:1      | Found a faded altar of an unknown god.
   787 | D:2      | Reached skill level 1 in Fighting
   787 | D:2      | Gained mutation: You are afflicted with vampirism and can
                  | become a bat while bloodless. [Vampire growth]
   787 | D:2      | Reached XP level 3. HP: 16/26 MP: 6/6
   791 | D:2      | Learned a level 3 spell: Vampiric Draining
  1034 | D:1      | Reached skill level 5 in Necromancy
  1427 | D:2      | Reached XP level 4. HP: 32/32 MP: 3/7
  1695 | D:3      | Noticed Sigmund
  1724 | D:3      | Killed Sigmund
  1725 | D:3      | Reached skill level 6 in Necromancy
  1725 | D:3      | Reached XP level 5. HP: 37/38 MP: 2/9
  1794 | D:3      | Reached XP level 6. HP: 42/44 MP: 5/10
  2271 | D:3      | Found a burning altar of Makhleb.
  2792 | D:4      | Found a snail-covered altar of Cheibriados.
  2803 | D:4      | Learned a level 4 spell: Animate Dead
  2951 | D:4      | Noticed Pikel
  3034 | D:4      | Killed Pikel
  3035 | D:4      | Reached skill level 7 in Necromancy
  3035 | D:4      | Reached XP level 7. HP: 46/52 MP: 2/13
  3408 | D:4      | Found a staircase to the Ecumenical Temple.
  3528 | Temple   | Entered the Ecumenical Temple
  3535 | Temple   | Became a worshipper of Kikubaaqudgha
  3560 | D:4      | Identified the +0 scale mail of the Heron {Rampage +Inv
                  | rF+}
  3751 | D:5      | Entered Level 5 of the Dungeon
  3765 | D:5      | Noticed a wyvern
  3774 | D:4      | Killed a wyvern
  3775 | D:4      | Reached skill level 5 in Dodging
  3775 | D:4      | Reached XP level 8. HP: 46/58 MP: 3/14
  4016 | D:5      | Reached skill level 1 in Evocations
  4018 | D:5      | Slain by an acid dragon

Illustrated notes

Levels and vault maps discovered:
D:1:      amcnicky_arrival_feature_with_door, layout_basic,
          shapermc_ecumenical_altar_starsandcircs
D:2:      layout_rooms, minmay_nonomino_d4
D:3:      layout_basic, mainiacjoe_overflow_paths, uniq_sigmund
D:4:      layout_loops_corners, gammafunk_temple_overflow_pools,
          minmay_temple_entry_stoned_glass, uniq_pikel
D:5:      layout_basic
Temple:   nicolae_temple_no_exploring_needed

Skill      XL: |  1  2  3  4  5  6  7  8 |
---------------+-------------------------+-----
Fighting       | 1 2 3 |  3.5
Necromancy     | 5 6 7 |  7.9
Dodging        | 3 4 5 |  5.1
Spellcasting   | 3 4 |  4.2
Evocations     | 1 |  1.0
Armour         | |  0.9
Stealth        | |  3.0

Action                   |  1- 3 |  4- 6 |  7- 9 || total
-------------------------+-------+-------+-------++-------
Melee: Dagger            |    58 |    62 |    42 ||   162
       Short sword       |    28 |       |       ||    28
       Bite              |     8 |     7 |     4 ||    19
       Punch             |       |     2 |       ||     2
Throw: Dart              |       |     1 |       ||     1
 Cast: Pain              |    12 |     1 |       ||    13
       Vampiric Draining |     2 |    20 |    13 ||    35
       Animate Dead      |       |       |     1 ||     1
  Use: Potion            |       |       |     1 ||     1
 Stab: Sleeping          |     8 |     7 |     1 ||    16
Armor: Robe              |    23 |     7 |       ||    30
       Leather armour    |       |       |     4 ||     4
       Scale mail        |       |       |    10 ||    10
Dodge: Dodged            |    68 |    42 |    23 ||   133

Table legend: (Time is in decaauts)
 A = Elapsed time spent in this place.
 B = Non-inter-level travel time spent in this place.
 C = Inter-level travel time spent in this place.
 D = Time resting spent in this place.
 E = Time spent auto-exploring this place.
 F = Levels seen in this place.
 G = Mean time per level.
                   A        B        C        D        E       F      G
               +--------+--------+--------+--------+--------+-----+--------+
         Total |   4023 |   3926 |     97 |    327 |   2524 |   6 |  670.5 |
       Dungeon |   4008 |   3911 |     97 |    327 |   2524 |   5 |  801.6 |
        Temple |     14 |     14 |      0 |      0 |      0 |   1 |   14.0 |
               +--------+--------+--------+--------+--------+-----+--------+

Top non-repeatable levels by time:
     D:4: 1245 daAuts
     D:3: 1023 daAuts
     D:1: 996 daAuts
     D:2: 601 daAuts
     D:5: 142 daAuts
  Temple: 14 daAuts
